AoeStats
← MZTK | GaboxNet .i.

African Clearing

510353206Analyzed
3v3 RM · 18h ago on Sep 30, 2026· 35m 23s· 6 players
Game mode
Random Map
Map size
Normal (6 player)
Population
200
Speed
Normal
Resources
Standard
Victory
Conquest
Starting age
Dark Age
Ending age
Imperial Age
RankedLock teamsTeams togetherTeam positionsShared explorationLock speedFull tech treeHidden civsTurbo modeCheats
Victory
Defeat
🇺🇸 Jurchens · United States
1190
+15
🇯🇵 Khmer · Japan
1140
+17
🇨🇳 Celts · China
1125
+18
🇲🇽 Mongols · Mexico
1212
-18
🇲🇽 Saracens · Mexico
1211
-19
🇲🇽 Shu · Mexico
1074
-13
MZTK | GaboxNet .i.
11:10 Loom
13:25 Feudal Age
14:00 Double-Bit Axe
16:56 Forging
22:25 Castle Age
24:36 Bloodlines
bayruZ
5:29 Loom
16:56 Feudal Age
18:39 Double-Bit Axe
21:06 Castle Age
20:12 Stone Mining
22:15 Bow Saw
22:37 Fletching
22:49 Gold Mining
24:23 Scale Mail Armor
28:55 Horse Collar
31:12 Wheelbarrow
31:18 Forging
32:19 Chain Mail Armor
34:01 Squires
_MZTK_SIRO_
7:23 Loom
11:40 Feudal Age
25:14 Castle Age
32:41 Scale Mail Armor
32:51 Forging
LkASr
3:47 Loom
15:21 Feudal Age
20:36 Castle Age
19:04 Double-Bit Axe
26:23 Padded Archer Armor
27:26 Horse Collar
27:44 Gold Mining
30:12 Leather Archer Armor
30:43 Town Watch
31:08 Stone Mining
31:45 Bow Saw
32:03 Fletching
33:46 Wheelbarrow
35:39 Heavy Plow
队友的小宝贝
4:33 Loom
15:38 Feudal Age
20:04 Castle Age
27:25 Forging
28:27 Scale Mail Armor
34:16 Wheelbarrow
bsd
7:39 Loom
12:43 Feudal Age
20:03 Castle Age
20:01 Double-Bit Axe
20:52 Bloodlines
27:36 Bloodlines
35:44 Wheelbarrow
Connection lost

Rejoining the realm…

Still unreachable

The connection could not be restored.

Session expired

The server has moved on; the page needs a fresh start.